 Dungeon Crawl Stone Soup version 0.21-a0-538-gd16b88a (webtiles) character file.

235 slep the Skirmisher (level 5, 0/46 HPs)
             Began as a Draconian Fighter on Dec 17, 2017.
             Was an Initiate of Okawaru.
             Slain by jotwebe's ghost (3 damage)
             ... on level 4 of the Dungeon.
             The game lasted 00:08:51 (2342 turns).

slep the Skirmisher (Draconian Fighter)             Turns: 2342, Time: 00:08:51

Health: 0/46       AC:  6    Str: 24    XL:     5   Next: 76%
Magic:  0/5        EV: 13    Int:  6    God:    Okawaru [......]
Gold:   202        SH:  0    Dex: 14    Spells: 4/4 levels left

rFire    + . .     SeeInvis .   B - +1 great sword "Worm" {slice, rC- rN++ Int-2 Dex+3} (curse)
rCold    x x .     Gourm    .   (shield currently unavailable)
rNeg     + + .     Faith    .   (armour unavailable)
rPois    .         Spirit   +   (helmet restricted)
rElec    .         Reflect  .   o - scarf {Spirit}
rCorr    .         Harm     .   m - +0 pair of gloves
MR       .....                  (no boots)
Stlth    +.........             (no amulet)
HPRegen  0.15/turn              j - ring of fire
MPRegen  0.09/turn              n - +5 ring of strength

@: no status effects
A: unfitting armour, cold-blooded, AC +5
a: Renounce Religion


You were on level 4 of the Dungeon.
You worshipped Okawaru.
Okawaru was noncommittal.
You were not hungry.

You visited 1 branch of the dungeon, and saw 4 of its levels.

You collected 202 gold pieces.

Inventory:

Hand Weapons
 a - a +0 war axe
 e - a +0 spear of flaming
 B - the cursed +1 great sword "Worm" (weapon) {slice, rC- rN++ Int-2 Dex+3}
   (You found it on level 4 of the Dungeon)

   It inflicts extra damage upon your enemies.
   It affects your intelligence (-2).
   It affects your dexterity (+3).
   It makes you vulnerable to cold.
   It greatly protects you from negative energy.
   It has a curse placed upon it.
Armour
 b - a +0 shield
 m - a +0 pair of gloves (worn)
 o - a scarf of spirit shield (worn)
Jewellery
 j - a ring of fire (left hand)
 l - an uncursed ring of flight
 n - a +5 ring of strength (right hand)
Scrolls
 f - 3 scrolls of identify {unknown}
 g - 2 scrolls of amnesia {unknown}
 h - 2 scrolls of teleportation {unknown}
 s - a scroll of fear {unknown}
 t - 4 scrolls of immolation {unknown}
 v - a scroll of blinking {unknown}
 y - a scroll of enchant weapon {unknown}
Potions
 c - 2 potions of might
 i - 3 potions of heal wounds {unknown}
 k - a potion of curing {unknown}
 q - 2 potions of berserk rage {unknown}
 r - a potion of lignification {unknown}
 w - 2 potions of brilliance {unknown}
Books
 u - a book of Cantrips

   Spells                             Type                      Level
   a - Confusing Touch                Hexes                        1
   b - Animate Skeleton               Necromancy                   1
   c - Summon Small Mammal            Summoning                    1
   d - Apportation                    Translocation                1
 A - a book of Callings

   Spells                             Type                      Level
   a - Summon Small Mammal            Summoning                    1
   b - Call Imp                       Summoning                    2
   c - Call Canine Familiar           Summoning                    3
   d - Summon Guardian Golem          Hexes/Summoning              3
   e - Summon Lightning Spire         Summoning/Air                4
   f - Summon Ice Beast               Ice/Summoning                4
Comestibles
 d - 2 bread rations
 p - 3 meat rations
 x - a royal jelly


   Skills:
 + Level 4.2 Fighting
 + Level 4.1 Axes
 + Level 3.5 Dodging
 + Level 0.4 Stealth
 + Level 4.0 Shields


You had 4 spell levels left.
You didn't know any spells.

Dungeon Overview and Level Annotations

Branches:
Dungeon (4/15)
 Temple: D:4-7

Altars:
Nemelex Xobeh
Okawaru
Qazlal
Uskayaw

Annotations:
D:4 jotwebe's ghost, amateur DrTm


Innate Abilities, Weirdness & Mutations

Your plain brown scales are hard. (AC +5)
You cannot fit into any form of body armour.
You are cold-blooded and may be slowed by cold attacks.


Message History

Jotwebe's ghost closely misses you.
Jotwebe's ghost hits you but does no damage.
You closely miss jotwebe's ghost.
Jotwebe's ghost is moderately damaged.
Jotwebe's ghost hits you but does no damage.
Jotwebe's ghost completely misses you.
You slash jotwebe's ghost!
Jotwebe's ghost is heavily damaged.
Jotwebe's ghost hits you.
* * * LOW HITPOINT WARNING * * *
You closely miss jotwebe's ghost.
You tail-slap jotwebe's ghost, but do no damage.
Jotwebe's ghost is heavily damaged.
Jotwebe's ghost closely misses you. Jotwebe's ghost misses you.
You closely miss jotwebe's ghost.
Jotwebe's ghost is heavily damaged.
Jotwebe's ghost hits you.
* * * LOW HITPOINT WARNING * * *
Jotwebe's ghost hits you.
You die...

# #...# #.#
#.### #.# #.#
#.# #.# #.# ##
#.# #.# .. #(#
#.# ####.##.#
#.#
......W.#####.#
#@......#
#.####### #.#
#.# #.# #.# #.#
..#


You could see jotwebe's ghost.

Vanquished Creatures
  A scorpion (D:4)
  An orc priest (D:3)
  8 adders
  3 leopard geckos (D:1)
  8 orcs (D:3)
  4 ball pythons
  7 bats
  5 giant cockroaches
  5 goblins
  6 hobgoblins
  11 kobolds
  A quokka (D:3)
  6 frilled lizards (D:1)
  13 rats
79 creatures vanquished.

Notes
Turn   | Place    | Note
-------+----------+-------------------------------------------
     0 | D:1      | slep the Draconian Fighter began the quest for the Orb.
     0 | D:1      | Reached XP level 1. HP: 19/19 MP: 1/1
    54 | D:1      | Reached XP level 2. HP: 15/26 MP: 2/2
   417 | D:1      | Reached XP level 3. HP: 17/31 MP: 3/3
  1155 | D:2      | Reached XP level 4. HP: 38/40 MP: 4/4
  1227 | D:2      | Found a stormy altar of Qazlal.
  1550 | D:3      | HP: 2/40 [orc priest/short sword (5)]
  1648 | D:3      | Reached XP level 5. HP: 17/46 MP: 5/5
  1718 | D:3      | Found a hide-covered altar of Uskayaw.
  1810 | D:3      | Found a sparkling altar of Nemelex Xobeh.
  2080 | D:3      | Found an iron altar of Okawaru.
  2090 | D:3      | Became a worshipper of Warmaster Okawaru
  2224 | D:4      | Got a pitted great sword
  2230 | D:4      | Identified the cursed +1 great sword "Worm" {slice, rC- rN++ Int-2 Dex+3} (You found it on level 4 of the Dungeon)
  2332 | D:4      | Noticed jotwebe's ghost (amateur DrTm)
  2342 | D:4      | Slain by jotwebe's ghost

Vault maps used:
D:1:      lightli_arrival_quake
D:2:      lemuel_round_altar, first_bread
D:3:      okawaru_altar_gauntlet_db, eat_drink_and_be_merry_uskayaw,
          interstate_on_off, nemelex_xobeh_ov_fountains_minmay
D:4:      kennysheep_mini_moat, minmay_temple_entry_fiery

Skill      XL: |  1  2  3  4  5 |
---------------+----------------+-----
Dodging        | 3 |  3.5
Fighting       | 4 |  4.2
Axes           | 3 4 |  4.1
Shields        | 4 |  4.0
Stealth        | |  0.4

Action                   |  1- 3 |  4- 6 || total
-------------------------+-------+-------++-------
Melee: War axe           |   104 |    94 ||   198
       Tailslap          |    13 |    18 ||    31
       Great sword       |       |     8 ||     8
 Stab: Sleeping          |       |     1 ||     1
  Eat: Chunk             |       |     5 ||     5
Armor: Skin              |    51 |    31 ||    82
Dodge: Dodged            |    48 |    55 ||   103
Block: Shield            |    72 |    67 ||   139

Table legend:
 A = Spawn XP
 B = Non-spawn XP
 C = Spawn XP percentage of total XP
 D = Spawn monster count
 E = Non-spawn monster count
 F = Spawn count percentage of total count
 G = Total turns spent on level
                    A         B        C        D         E        F      G
               +---------+---------+-------+---------+---------+-------+---------
         Total |       0 |     336 |   0.0 |       0 |      79 |   0.0 |  2342
               +---------+---------+-------+---------+---------+-------+---------
           D:1 |       0 |      55 |   0.0 |       0 |      35 |   0.0 |   869
           D:2 |       0 |      60 |   0.0 |       0 |      10 |   0.0 |   588
           D:3 |       0 |     138 |   0.0 |       0 |      32 |   0.0 |   693
           D:4 |       0 |      83 |   0.0 |       0 |       2 |   0.0 |   192
               +---------+---------+-------+---------+---------+-------+---------
